AoeStats
← OmarGutieG

Arabia

504792931Analyzed
2v2 RM · 25d ago on Sep 6, 2026· 47m 40s· 4 players
Game mode
Random Map
Map size
Medium (4 player)
Population
200
Speed
Normal
Resources
Standard
Victory
Conquest
Starting age
Dark Age
Ending age
Imperial Age
RankedLock teamsTeams togetherTeam positionsShared explorationLock speedFull tech treeHidden civsTurbo modeCheats
Victory
Defeat
🇧🇪 Lithuanians · Belgium
1332
+14
🇫🇷 Ethiopians · France
1286
+16
🇲🇽 Magyars · Mexico
1300
-15
🇲🇽 Ethiopians · Mexico
1290
-15
armigame1
6:49 Loom
9:20 Feudal Age
18:39 Bloodlines
22:44 Castle Age
20:43 Horse Collar
20:55 Double-Bit Axe
21:34 Scale Barding Armor
23:52 Gold Mining
24:35 Husbandry
25:22 Chain Barding Armor
25:51 Wheelbarrow
27:23 Gold Shaft Mining
35:31 Stone Mining
35:55 Bow Saw
41:55 Imperial Age
38:58 Light Cavalry
44:05 Conscription
43:30 Cavalier
44:42 Hussar
OmarGutieG
6:53 Loom
10:36 Feudal Age
16:47 Fletching
18:50 Town Watch
25:03 Castle Age
23:47 Double-Bit Axe
23:58 Horse Collar
24:28 Gold Mining
25:23 Crossbowman
26:11 Thumb Ring
27:30 Bodkin Arrow
29:32 Wheelbarrow
31:48 Town Patrol
34:21 Hand Cart
35:53 Ballistics
37:11 Padded Archer Armor
37:26 Bow Saw
37:54 Gold Shaft Mining
39:23 Leather Archer Armor
47:03 Imperial Age
47:09 Arbalester
Sun
6:36 Loom
9:32 Feudal Age
13:54 Forging
16:35 Horse Collar
17:06 Double-Bit Axe
24:15 Castle Age
24:07 Wheelbarrow
25:06 Bloodlines
24:57 Husbandry
25:24 Husbandry
25:34 Bloodlines
25:32 Scale Barding Armor
26:03 Iron Casting
26:58 Gold Mining
27:20 Bow Saw
27:13 Heavy Plow
27:30 Light Cavalry
31:06 Chain Barding Armor
37:41 Stone Mining
37:48 Town Watch
44:43 Stone Shaft Mining
44:16 Hill Forts
IneedMoney$
7:06 Loom
9:35 Feudal Age
10:12 Double-Bit Axe
13:12 Fletching
16:03 Padded Archer Armor
18:42 Wheelbarrow
23:36 Castle Age
22:05 Horse Collar
22:16 Gold Mining
24:13 Bodkin Arrow
24:01 Crossbowman
25:15 Leather Archer Armor
25:42 Bow Saw
26:08 Gold Shaft Mining
28:12 Scale Mail Armor
28:23 Forging
31:03 Chain Mail Armor
31:23 Iron Casting
33:53 Ballistics
36:50 Squires
38:37 Hand Cart
40:20 Heavy Plow
40:39 Thumb Ring
46:04 Imperial Age
46:06 Halberdier
46:08 Arbalester
47:49 Chemistry
48:01 Two-Man Saw
46:35 Capped Ram
47:33 Bracer
48:03 Ring Archer Armor
48:04 Plate Mail Armor
Connection lost

Rejoining the realm…

Still unreachable

The connection could not be restored.

Session expired

The server has moved on; the page needs a fresh start.